 Dungeon Crawl Stone Soup version 0.31-a0-175-g9f7f995f2b (webtiles) character file.

Game seed: 6736291566724041763

744 qw the Shooter (level 7, 0/64 HPs)
             Began as a Naga Hunter on June 17, 2023.
             Slain by a gnoll
             ... wielding a +0 spear
              (5 damage)
             ... on level 5 of the Dungeon.
             The game lasted 00:01:18 (3547 turns).

qw the Shooter (Naga Hunter)                        Turns: 3547, Time: 00:01:19

Health: 0/64       AC:  6    Str: 13    XL:     7   Next: 76%
Magic:  7/7        EV: 10    Int:  9    God:
Gold:   194        SH:  0    Dex: 17    Spells: 6/6 levels left

rFire   . . .        Y - +1 shortbow
rCold   . . .        (shield currently unavailable)
rNeg    . . .        c - +0 leather armour
rPois   +            (no helmet)
rElec   .            (no cloak)
rCorr   .            d - +2 pair of gloves
SInv    +            (no barding)
Will    .....        (no amulet)
Stlth   ++           (no ring)
HPRegen 0.30/turn    (no ring)
MPRegen 0.10/turn

%: no passive effects
@: short of breath, very slow
A: AC +2, large, see invisible, deformed body, poison resistance, slowness 2,
spit poison 1, naga tail 1
a: Spit Poison


You were on level 5 of the Dungeon.
You visited 1 branch of the dungeon, and saw 5 of its levels.

You collected 194 gold pieces.


Innate Abilities, Weirdness & Mutations

Your serpentine skin is tough. (AC +2)
You have supernaturally acute eyesight. (SInv)
Armour fits poorly on your strangely shaped body.
Your system is resistant to poisons. (rPois)
You cover ground very slowly.
You can spit poison.
You have a snake-like lower body.


   Skills:
 - Level 4.0 Fighting
 + Level 7.7 Ranged Weapons
 - Level 2.0 Dodging
 - Level 1.5 Stealth


You had 6 spell levels left.
You didn't know any spells.
Your spell library was empty.

Inventory:

Hand Weapons
 Y - a +1 shortbow (weapon)
Armour
 c - a +0 leather armour (worn)
 d - a +2 pair of gloves (worn)
Scrolls
 a - a scroll of identify
Potions
 f - a potion of curing
 g - a potion of might {unknown}
 i - a potion of brilliance {unknown}
 j - a potion of resistance {unknown}

Dungeon Overview and Level Annotations

Branches:
Dungeon (5/15)
 Temple: D:4-7

Altars:
Qazlal
Vehumet
Yredelemnul


Message History

You shoot an arrow. The arrow barely misses the scorpion.
The scorpion barely misses you.
The gnoll hits you from afar with a +0 spear.
The scorpion stings you. The gnoll completely misses you.
You shoot an arrow. The arrow hits the scorpion.
The scorpion is lightly wounded.
The scorpion stings you. The gnoll barely misses you.
You shoot an arrow. The arrow hits the scorpion!
The scorpion is severely wounded.
The scorpion misses you. The adder barely misses you.
The gnoll hits you from afar with a +0 spear.
You shoot an arrow. The arrow hits the scorpion!
You kill the scorpion!
You have got your breath back.
The adder bites you but does no damage.
The gnoll hits you from afar with a +0 spear.
3543 ||| INVOKING Spit Poison.
Aiming: Spit Poison (1% risk of failure)
Press: ? - help, Shift-Dir - straight line, f - adder The splash of poison hits the adder.
The adder is poisoned.
The adder is severely wounded.
The adder bites you but does no damage. The adder closely misses you.
The gnoll hits you from afar with a +0 spear.
You shoot an arrow. The arrow barely misses the adder.
The adder bites you but does no damage.
The gnoll hits you from afar with a +0 spear.
You shoot an arrow. The arrow closely misses the adder.
You have got your breath back.
The adder bites you but does no damage. The gnoll hits you but does no damage.
3546 ||| INVOKING Spit Poison.
Aiming: Spit Poison (1% risk of failure)
Press: ? - help, Shift-Dir - straight line, f/p - adder The splash of poison misses the adder.
The adder bites you but does no damage.
The gnoll hits you from afar with a +0 spear.
The adder bites you but does no damage.
You shoot an arrow. The arrow misses the adder.
The adder bites you but does no damage.
The gnoll hits you from afar with a +0 spear.
You die...

.# #. ..####+####.# .
#..........## ##.
#........... #...
#..........
#...##........#
#...........))##
#.........#.@S)##..##
#...........#..)....#
#......<...g.##....##
#......[..##g.# .....
#.............# ..$.
#........#.....[ ...
#..#.....##..##.. ..
## #.##...g....... .
## #(....... ..


You could see a gnoll and an adder (poisoned).

Vanquished Creatures
  An ogre (D:3)
  3 scorpions
  2 hounds (D:4)
  3 orc priests
  2 iguanas (D:4)
  4 orc wizards
  5 gnolls
  5 adders
  3 dart slugs
  16 orcs
  A bat (D:1)
  10 endoplasms
  2 giant cockroaches (D:2)
  2 goblins
  11 hobgoblins
  8 jackals
  2 quokkas
  3 ball pythons
  5 frilled lizards
  4 kobolds
  A rat (D:1)
93 creatures vanquished.

Notes
Turn   | Place    | Note
-------+----------+-------------------------------------------
     0 | D:1      | qw the Naga Hunter began the quest for the Orb.
     0 | D:1      | Reached XP level 1. HP: 19/19 MP: 1/1
     0 | D:1      | 0 ||| qw: Version: 0.3-a-2-g5ab2908
     0 | D:1      | 0 ||| qw: Game counter: 386
     0 | D:1      | 0 ||| qw: Always use a shield: true
     0 | D:1      | 0 ||| qw: God list: Okawaru
     0 | D:1      | 0 ||| qw: Allow faded altars: false
     0 | D:1      | 0 ||| qw: Do Orc after D:15 true
     0 | D:1      | 0 ||| qw: Do second Lair branch before Depths: true
     0 | D:1      | 0 ||| qw: Lair rune preference: random
     0 | D:1      | 0 ||| qw: Plans: Normal
     0 | D:1      | 0 ||| PLANNING D:1-11
   115 | D:1      | 115 ||| INVOKING Spit Poison.
   119 | D:1      | 119 ||| INVOKING Spit Poison.
   135 | D:1      | 135 ||| INVOKING Spit Poison.
   155 | D:1      | 155 ||| INVOKING Spit Poison.
   160 | D:1      | 160 ||| INVOKING Spit Poison.
   283 | D:1      | 283 ||| INVOKING Spit Poison.
   331 | D:1      | Reached skill level 4 in Ranged Weapons
   331 | D:1      | Reached XP level 2. HP: 26/26 MP: 2/2
   339 | D:1      | 339 ||| INVOKING Spit Poison.
   344 | D:1      | 344 ||| INVOKING Spit Poison.
   347 | D:1      | 347 ||| INVOKING Spit Poison.
   546 | D:1      | 546 ||| READING scroll labelled QUARPH YDATHROI.
   550 | D:1      | 550 ||| READING 2 scrolls labelled WOIDWAIXIS.
   551 | D:1      | 551 ||| READING scroll labelled NAOMNA CUTOU.
   552 | D:1      | 552 ||| READING scroll labelled PAIS ANKUU.
   553 | D:1      | 553 ||| DROPPING scroll of butterflies.
   554 | D:1      | 554 ||| DROPPING scroll of poison.
   674 | D:2      | 674 ||| INVOKING Spit Poison.
   691 | D:2      | 691 ||| INVOKING Spit Poison.
   777 | D:2      | Found a stormy altar of Qazlal.
   857 | D:2      | 857 ||| INVOKING Spit Poison.
   862 | D:2      | 862 ||| INVOKING Spit Poison.
   863 | D:2      | Reached XP level 3. HP: 32/32 MP: 3/3
   868 | D:2      | 868 ||| INVOKING Spit Poison.
   955 | D:2      | 955 ||| INVOKING Spit Poison.
   961 | D:2      | 961 ||| INVOKING Spit Poison.
  1048 | D:2      | 1048 ||| INVOKING Spit Poison.
  1163 | D:2      | 1163 ||| INVOKING Spit Poison.
  1182 | D:2      | 1182 ||| INVOKING Spit Poison.
  1184 | D:2      | 1184 ||| Stepping ~*~*~tactically~*~*~ (outnumbered).
  1185 | D:2      | 1185 ||| INVOKING Spit Poison.
  1190 | D:2      | 1190 ||| INVOKING Spit Poison.
  1260 | D:2      | 1260 ||| DROPPING +6 ring of intelligence.
  1261 | D:2      | 1261 ||| DROPPING ring of wizardry.
  1262 | D:2      | 1262 ||| READING 2 scrolls labelled HIPPODGHE CAOSE.
  1263 | D:2      | 1263 ||| READING scroll labelled GUTAOTWYXOX.
  1264 | D:2      | 1264 ||| DRINKING 2 blue potions.
  1265 | D:2      | 1265 ||| DRINKING 2 emerald potions.
  1310 | D:3      | 1310 ||| INVOKING Spit Poison.
  1330 | D:3      | 1330 ||| DROPPING +2 sling of flaming.
  1339 | D:3      | 1339 ||| INVOKING Spit Poison.
  1350 | D:3      | Found a stormy altar of Qazlal.
  1412 | D:3      | 1412 ||| INVOKING Spit Poison.
  1415 | D:3      | 1415 ||| INVOKING Spit Poison.
  1423 | D:3      | 1423 ||| INVOKING Spit Poison.
  1425 | D:3      | 1425 ||| Stepping ~*~*~tactically~*~*~ (outnumbered).
  1426 | D:3      | 1426 ||| Stepping ~*~*~tactically~*~*~ (outnumbered).
  1427 | D:3      | 1427 ||| INVOKING Spit Poison.
  1428 | D:3      | Reached skill level 5 in Ranged Weapons
  1428 | D:3      | Reached XP level 4. HP: 39/39 MP: 4/4
  1430 | D:3      | 1430 ||| INVOKING Spit Poison.
  1437 | D:3      | 1437 ||| INVOKING Spit Poison.
  1442 | D:3      | HP: 9/40 [gnoll/+0 whip (7)]
  1443 | D:3      | 1443 ||| DRINKING potion of heal wounds.
  1444 | D:3      | 1444 ||| INVOKING Spit Poison.
  1578 | D:3      | Reached skill level 3 in Fighting
  1606 | D:3      | 1606 ||| INVOKING Spit Poison.
  1681 | D:3      | 1681 ||| INVOKING Spit Poison.
  1734 | D:3      | 1734 ||| INVOKING Spit Poison.
  1759 | D:3      | Noticed an ogre
  1760 | D:3      | 1760 ||| INVOKING Spit Poison.
  1764 | D:3      | 1764 ||| INVOKING Spit Poison.
  1767 | D:3      | Killed an ogre
  1768 | D:3      | Reached XP level 5. HP: 44/49 MP: 5/5
  1863 | D:3      | 1863 ||| INVOKING Spit Poison.
  1949 | D:3      | 1949 ||| INVOKING Spit Poison.
  1956 | D:3      | 1956 ||| INVOKING Spit Poison.
  1959 | D:3      | 1959 ||| INVOKING Spit Poison.
  1962 | D:3      | 1962 ||| INVOKING Spit Poison.
  1962 | D:3      | HP: 11/49 [orc priest/divine providence (11)]
  1966 | D:3      | HP: 5/49 [orc priest/+0 war axe (4)]
  1968 | D:3      | Reached skill level 6 in Ranged Weapons
  1968 | D:3      | Reached XP level 6. HP: 7/56 MP: 6/6
  2300 | D:3      | 2300 ||| INVOKING Spit Poison.
  2304 | D:3      | 2304 ||| INVOKING Spit Poison.
  2401 | D:3      | 2401 ||| UPGRADING to +1 pair of gloves.
  2406 | D:3      | 2406 ||| READING scroll of enchant armour.
  2406 | D:3      | 2406 ||| ENCHANTING +1 pair of gloves.
  2407 | D:3      | 2407 ||| READING scroll labelled YMOTIK UPLOESY.
  2408 | D:3      | 2408 ||| READING scroll labelled GUSSEO JAUMIO.
  2409 | D:3      | 2409 ||| READING scroll labelled MONLIR TUCS.
  2446 | D:4      | 2446 ||| INVOKING Spit Poison.
  2450 | D:4      | 2450 ||| INVOKING Spit Poison.
  2454 | D:4      | 2454 ||| STAIRDANCE
  2487 | D:4      | 2487 ||| INVOKING Spit Poison.
  2492 | D:4      | 2492 ||| INVOKING Spit Poison.
  2498 | D:4      | 2498 ||| INVOKING Spit Poison.
  2501 | D:4      | 2501 ||| INVOKING Spit Poison.
  2507 | D:4      | 2507 ||| INVOKING Spit Poison.
  2514 | D:4      | 2514 ||| INVOKING Spit Poison.
  2519 | D:4      | 2519 ||| INVOKING Spit Poison.
  2526 | D:4      | 2526 ||| INVOKING Spit Poison.
  2532 | D:4      | 2532 ||| INVOKING Spit Poison.
  2690 | D:4      | 2690 ||| INVOKING Spit Poison.
  2709 | D:4      | 2709 ||| INVOKING Spit Poison.
  2713 | D:4      | 2713 ||| INVOKING Spit Poison.
  2718 | D:4      | 2718 ||| INVOKING Spit Poison.
  2719 | D:4      | Reached XP level 7. HP: 53/64 MP: 7/7
  2723 | D:4      | 2723 ||| INVOKING Spit Poison.
  2803 | D:4      | 2803 ||| INVOKING Spit Poison.
  2830 | D:4      | 2830 ||| INVOKING Spit Poison.
  2837 | D:4      | 2837 ||| INVOKING Spit Poison.
  2842 | D:4      | Reached skill level 7 in Ranged Weapons
  3017 | D:4      | Found a radiant altar of Vehumet.
  3198 | D:4      | Found a basalt altar of Yredelemnul.
  3335 | D:4      | 3335 ||| DRINKING 2 coppery potions.
  3336 | D:4      | 3336 ||| DROPPING potion of attraction.
  3350 | D:5      | Entered Level 5 of the Dungeon
  3351 | D:5      | 3351 ||| INVOKING Spit Poison.
  3357 | D:5      | 3357 ||| INVOKING Spit Poison.
  3359 | D:5      | 3359 ||| STAIRDANCE
  3363 | D:4      | 3363 ||| DRINKING 2 potions of curing.
  3363 | D:4      | 3363 ||| (to cure confusion)
  3364 | D:4      | 3364 ||| INVOKING Spit Poison.
  3370 | D:4      | 3370 ||| INVOKING Spit Poison.
  3520 | D:5      | 3520 ||| INVOKING Spit Poison.
  3521 | D:5      | 3521 ||| INVOKING Spit Poison.
  3526 | D:5      | 3526 ||| INVOKING Spit Poison.
  3531 | D:5      | 3531 ||| Stepping ~*~*~tactically~*~*~ (outnumbered).
  3532 | D:5      | 3532 ||| INVOKING Spit Poison.
  3537 | D:5      | 3537 ||| INVOKING Spit Poison.
  3541 | D:5      | HP: 13/64 [gnoll/+0 spear (5)]
  3543 | D:5      | 3543 ||| INVOKING Spit Poison.
  3546 | D:5      | 3546 ||| INVOKING Spit Poison.
  3546 | D:5      | HP: 4/64 [gnoll/+0 spear (4)]
  3547 | D:5      | Slain by a gnoll

Levels and vault maps discovered:
D:1:      nagdon_arrival_double_spiral, layout_rooms, palyth_stone_intersect
D:2:      layout_rooms, basic_altar, minmay_3d_cube
D:3:      layout_basic, nicolae_qazlal_general_emergency, saegor_snake_ambush
D:4:      layout_basic, fiery_altar_vehumet, mainiacjoe_overflow_alcove_1,
          minmay_close_crescents
D:5:      minmay_opposing_rooms, layout_cave_pools, zin_treasury

Skill      XL: |  1  2  3  4  5  6  7 |
---------------+----------------------+-----
Ranged Weapons | 4 5 6 7 |  7.7
Fighting       | 3 4 |  4.0
Dodging        | 2 |  2.0
Stealth        | |  1.5

Action                     |  1- 3 |  4- 6 |  7- 9 || total
---------------------------+-------+-------+-------++-------
   Fire: Shortbow          |    73 |   107 |    53 ||   233
Ability: Spit Poison       |    27 |    30 |    14 ||    71
    Use: Scroll            |     6 |     4 |       ||    10
         Potion            |     2 |     1 |     2 ||     5
 Armour: Leather armour    |     9 |    32 |    24 ||    65
  Dodge: Dodged            |    15 |    49 |    33 ||    97

Table legend:
 A = Non-vault XP
 B = Vault XP
 C = Vault XP percentage of total XP
 D = Non-vault monster count
 E = Vault monster count
 F = Vault count percentage of total count
                 A         B        C        D         E       F
            +---------+---------+-------+---------+---------+-------
      Total |     953 |     111 |  10.4 |      81 |      12 |  12.9
            +---------+---------+-------+---------+---------+-------
        D:1 |      21 |       0 |   0.0 |      13 |       0 |   0.0
        D:2 |      24 |       9 |  27.3 |      12 |       5 |  29.4
        D:3 |     287 |       2 |   0.7 |      23 |       1 |   4.2
        D:4 |     426 |     100 |  19.0 |      26 |       6 |  18.8
        D:5 |     195 |       0 |   0.0 |       7 |       0 |   0.0
            +---------+---------+-------+---------+---------+-------
